 Dungeon Crawl Stone Soup version 0.29.1-2-gbd0b4ee654 (webtiles) character file.

Game seed: 4453093490469645171

4996 cdecastro the Transmogrifier (level 10, -3/71 HPs)
             Began as a Yellow Draconian Transmuter on Oct 28, 2022.
             Was an Elder of the Shining One.
             Slain by a troll (19 damage)
             ... on level 9 of the Dungeon.
             The game lasted 00:31:12 (14241 turns).

cdecastro the Transmogrifier (DrTm)                Turns: 14241, Time: 00:31:12

Health: -3/71      AC:  2    Str: 12    XL:     10   Next: 29%
Magic:  13/13      EV: 19    Int: 17    God:    the Shining One [****..]
Gold:   417        SH:  0    Dex: 18    Spells: 3/13 levels left

rFire   . . .      SeeInvis .     - Unarmed
rCold   . . .      Faith    .   (shield currently unavailable)
rNeg    + + .      Spirit   .   (body armour unavailable)
rPois   .          Reflect  .   (helmet currently unavailable)
rElec   .          Harm     .   (cloak currently unavailable)
rCorr   .          Rampage  .   (gloves currently unavailable)
Will    .....                   (boots currently unavailable)
Stlth   ..........              d - amulet of the acrobat
HPRegen 0.21/turn               I - ring of Volaw {Wiz +Blink Slay+3 Stlth-}
MPRegen 0.13/turn               A - ring of poison resistance

@: confused, spider-form, ambrosia-drunk, glowing
A: venomous fangs, (spit acid), AC +7, tiny, unfitting armour, (cold-blooded),
(acid resistance)
a: End Transformation, Renounce Religion, Evoke Blink, Divine Shield, Cleansing
Flame


You were on level 9 of the Dungeon.
You worshipped the Shining One.
The Shining One was greatly pleased with you.
You were a venomous arachnid creature.
You visited 2 branches of the dungeon, and saw 10 of its levels.
You also visited: Sewer.

You collected 417 gold pieces.

Inventory:

Missiles
 f - 75 stones
 h - 14 poisoned darts
 j - 3 throwing nets
 p - 2 javelins
 Q - a curare-tipped dart
Armour
 L - a +0 pair of boots
Jewellery
 d - an amulet of the acrobat (around neck)
 g - a ring of protection from fire
 k - an amulet of reflection
 A - a ring of poison resistance (right front leg)
 I - the ring of Volaw (left front leg) {Wiz +Blink Slay+3 Stlth-}
   (You found it on level 5 of the Dungeon)

   [ring of wizardry]

   It improves your spell success rate.
   Slay:      It affects your accuracy & damage with ranged weapons and melee
   (+3).
   +Blink:    It lets you blink.
   Stlth:     It makes you less stealthy.
 M - the ring of Sazof {Wiz rElec Dex+9 Slay-5}
   (You found it on level 6 of the Dungeon)

   [ring of wizardry]

   It improves your spell success rate.
   Dex:       It affects your dexterity (+9).
   Slay:      It affects your accuracy & damage with ranged weapons and melee
   (-5).
   rElec:     It insulates you from electricity.
Wands
 b - a wand of roots (13)
 w - a wand of quicksilver (4)
 N - a wand of polymorph (6)
 P - a wand of flame (41)
Scrolls
 c - 4 scrolls of poison {unknown}
 i - a scroll of blinking {unknown}
 l - 2 scrolls of vulnerability {unknown}
 m - 3 scrolls of torment {unknown}
 o - 2 scrolls of magic mapping {unknown}
 q - 2 scrolls of noise {unknown}
 r - a scroll of brand weapon {unknown}
 t - a scroll of enchant weapon {unknown}
 u - 2 scrolls of fear {unknown}
 v - 4 scrolls of enchant armour {unknown}
 y - a scroll of summoning {unknown}
 z - 5 scrolls of amnesia {unknown}
 B - 2 scrolls of immolation {unknown}
 F - 4 scrolls of identify
Potions
 a - 3 potions of lignification
 e - 4 potions of magic
 s - 5 potions of might
 x - 3 potions of heal wounds
 C - a potion of mutation
 D - 4 potions of curing
 E - 2 potions of berserk rage
 G - a potion of invisibility
 H - 3 potions of haste
 J - a potion of resistance {unknown}
 K - a potion of cancellation
 O - a potion of attraction


   Skills:
 - Level 1.1 Fighting
 - Level 1.7 Dodging
 + Level 8.4 Unarmed Combat
 - Level 2.0 Spellcasting
 * Level 12.5 Transmutations
 - Level 4.1 Invocations


You had 3 spell levels left.
You knew the following spells:

 Your Spells              Type           Power      Damage    Failure   Level
a - Beastly Appendage     Tmut           88%        N/A       1%          1
b - Wereblood             Tmut           44%        N/A       1%          2
c - Spider Form           Tmut/Pois      23%        N/A       5%          3
d - Ice Form              Ice/Tmut       23%        N/A       13%         4

Your spell library contained the following spells:

 Spells                   Type           Power      Damage    Failure   Level
 Hailstorm                Conj/Ice       1%         3d3       71%         4
 Simulacrum               Ice/Necr       0%         N/A       100%        6


Dungeon Overview and Level Annotations

Branches:
Dungeon (9/15)             Temple (1/1) D:7           Sewer (visited)
   Lair: D:8-11         Orc: D:9-12

Altars:
Ashenzari
Cheibriados
Dithmenos
Elyvilon
Fedhas
Gozag
Kikubaaqudgha
Makhleb
Nemelex Xobeh
Okawaru
Qazlal
Ru
Trog
Uskayaw
Vehumet
Wu Jian
Xom
Zin
The Shining One

Annotations:
D:4 vault need dig
D:5 3 runed translucent doors, 0gre's ghost, novice GnIE
D:8 3 runed translucent doors


Innate Abilities, Weirdness & Mutations

You are a venomous arachnid creature.
You have poisonous fangs.
You are tiny and dextrous.
Your spellcasting is less reliable in this form.
Your armour is entirely melded.
You are incapable of wielding weapons or throwing items.
((You can spit globs of acid.))
((Your golden yellow scales are hard. (AC +7)))
You cannot fit into any form of body armour.
((You are cold-blooded and may be slowed by cold attacks.))
((You are resistant to acid. (rCorr)))


Message History

You destroy the wight!
The Shining One accepts your kill.
Things that are here:
a +4 halberd; a +0 robe You have got your breath back.
Your transformation is almost over.
You open the door.
There is an open door here.
A troll comes into view.
A troll is nearby!
A troll is nearby!
You warm up again.
Press: ? - help, v - describe, . - travel
Here: a troll (haloed)
The floor.
Casting: Ice Form (dangerous; 6% risk of failure)
Confirm with . or Enter, or press ? or * to list all spells.
You turn into a venomous arachnid creature.
Unknown command.
You hit the troll but do no damage. The troll closely misses you.
The troll completely misses you. The troll misses you.
You hit the troll.
The troll is lightly wounded.
The troll bites you! The troll claws you! x2
* * * LOW HITPOINT WARNING * * *
You hit the troll.
The troll is poisoned.
The troll is lightly wounded.
The troll completely misses you. The troll claws you!
* * * LOW HITPOINT WARNING * * *
The troll closely misses you.
You bite the troll!
The troll is moderately wounded.
You bite the troll!
The troll is heavily wounded.
The troll closely misses you. The troll claws you!
* * * LOW HITPOINT WARNING * * *
The troll completely misses you.
You are confused.
You feel invigorated. The troll bites you!!
You die...

#..................
+..................
###........).........
.#.......###########
.'.......#..........
#.......#..........
#.......#..........
#.T.....#.......[..
#.s.....#..........
#.......#..........
#######.......#+###...##.
#.....#......##..##...##.
#.....'......#....#...###
#.....#......#....#....'.
#.....#....).#....'....'.
#.....#......#....#....'.
########......##'###...###


You could see a troll (very poisoned).

Vanquished Creatures
  A deep elf zephyrmancer (D:8)
  Joseph (D:8)
  Prince Ribbit (D:9)
  Grinder (D:4)
  A wyvern (D:8)
  A steam dragon (D:8)
  A water moccasin (D:6)
  Pargi (Sewer)
  3 orc warriors (D:8)
  2 ice beasts
  A black bear (D:7)
  An ogre (D:6)
  5 centaurs
  2 phantoms
  A kobold brigand (D:9)
  3 bullfrogs
  2 necrophages
  2 scorpions
  7 wights
  3 howler monkeys (D:7)
  3 gnoll boudas
  2 jellies
  3 hounds
  7 orc priests
  5 orc wizards
  7 iguanas
  Ijyb (D:3)
  21 gnolls
  5 adders
  2 river rats (D:3)
  A shadow imp (D:4)
  5 white imps
  3 worms
  12 dart slugs
  28 orcs
  9 bats
  9 endoplasms
  5 giant cockroaches
  18 goblins
  7 hobgoblins
  3 jackals (D:3)
  6 kobolds
  5 quokkas
  9 ball pythons
  8 frilled lizards
  5 rats
229 creatures vanquished.

Vanquished Creatures (others)
  2 plants (D:5)
2 creatures vanquished.

Grand Total: 231 creatures vanquished

Notes
Turn   | Place    | Note
-------+----------+-------------------------------------------
     0 | D:1      | cdecastro the Draconian Transmuter began the quest for the
                  | Orb.
     0 | D:1      | Reached XP level 1. HP: 16/16 MP: 3/3
   347 | D:1      | Reached XP level 2. HP: 17/23 MP: 0/5
   750 | D:1      | Reached skill level 3 in Transmutations
   763 | D:1      | HP: 1/23 [poisoned by a kobold]
  1145 | D:1      | Reached XP level 3. HP: 28/28 MP: 4/6
  1479 | D:1      | Found a faded altar of an unknown god.
  1486 | D:1      | Prayed at the altar of an unknown god.
  1486 | D:1      | Became a worshipper of the Shining One
  1486 | D:1      | Reached * piety under the Shining One
  1984 | D:2      | Found a shadowy altar of Dithmenos.
  2533 | D:3      | Reached XP level 4. HP: 33/35 MP: 5/7
  2678 | D:3      | Reached skill level 4 in Transmutations
  2817 | D:3      | Found a glowing drain.
  2833 | Sewer    | Entered a sewer
  2844 | Sewer    | Learned a level 2 spell: Wereblood
  2848 | Sewer    | Learned a level 3 spell: Spider Form
  2873 | Sewer    | Noticed Pargi
  2886 | Sewer    | Killed Pargi
  2887 | Sewer    | Reached skill level 5 in Transmutations
  2887 | Sewer    | Reached XP level 5. HP: 32/40 MP: 1/8
  3426 | D:3      | Found a broken altar of Ashenzari.
  3680 | D:3      | Noticed Ijyb
  3694 | D:3      | Killed Ijyb
  3698 | D:3      | Reached XP level 6. HP: 19/47 MP: 5/9
  3715 | D:3      | Reached skill level 1 in Invocations
  4080 | D:3      | Found an iron altar of Okawaru.
  4698 | D:4      | Noticed Grinder
  4698 | D:4      | Paralysed by Grinder for 2 turns
  4721 | D:4      | Paralysed by Grinder for 2 turns
  4726 | D:4      | Killed Grinder
  4726 | D:4      | Reached ** piety under the Shining One
  4727 | D:4      | Reached skill level 6 in Transmutations
  4727 | D:4      | Your scales start taking on a golden yellow colour.
  4727 | D:4      | Reached XP level 7. HP: 20/52 MP: 10/10
  4727 | D:4      | Gained mutation: You are resistant to acid. (rCorr) [Yellow
                  | Draconian growth]
  5548 | D:4      | Found a sparkling altar of Nemelex Xobeh.
  5802 | D:5      | Entered Level 5 of the Dungeon
  6135 | D:5      | Found a blossoming altar of Fedhas.
  6177 | D:5      | Found a runed translucent gate.
  6177 | D:5      | Found a runed translucent gate.
  6178 | D:5      | Found a runed translucent gate.
  6198 | D:5      | Reached skill level 7 in Transmutations
  6875 | D:5      | Reached skill level 8 in Transmutations
  6875 | D:5      | Reached XP level 8. HP: 26/59 MP: 7/11
  7325 | D:5      | You fall into a shaft and drop 2 floors!
  7333 | D:7      | Found a glowing golden altar of the Shining One.
  7363 | D:7      | Reached skill level 5 in Unarmed Combat
  7434 | D:7      | Found a glowing silver altar of Zin.
  7669 | D:7      | Found a shadowy altar of Dithmenos.
  7742 | D:7      | Reached skill level 9 in Transmutations
  7869 | D:6      | Reached *** piety under the Shining One
  8162 | D:5      | Identified the ring of Volaw {Wiz +Blink Slay+3 Stlth-}
  8434 | D:5      | Noticed 0gre's ghost (novice GnIE)
  8539 | D:6      | Identified the +1 leather armour "Ysodiq" {+Blink rCorr
                  | Int-5 Dex+6}
  8699 | D:6      | Identified the ring of Sazof {Wiz rElec Dex+9 Slay-5}
  8730 | D:6      | Learned a level 4 spell: Ice Form
  8901 | D:6      | Reached XP level 9. HP: 63/64 MP: 10/12
  8960 | D:6      | Reached skill level 10 in Transmutations
  9779 | D:7      | Identified the +4 flail of Instant Death {drain, *Noise
                  | rPois rF++ Int+4}
  9965 | D:7      | Found a staircase to the Ecumenical Temple.
 10328 | Temple   | Entered the Ecumenical Temple
 10560 | D:8      | Noticed Joseph
 11955 | D:8      | Killed Joseph
 11956 | D:8      | Reached skill level 11 in Transmutations
 12261 | D:8      | Reached **** piety under the Shining One
 12633 | D:8      | Found a runed translucent gate.
 12633 | D:8      | Found a runed translucent gate.
 12634 | D:8      | Found a runed translucent gate.
 12634 | D:8      | Noticed a cyan ugly thing
 12641 | D:8      | Noticed a glowing orange brain
 12641 | D:8      | Noticed a green ugly thing
 12642 | D:8      | Noticed a white ugly thing
 12643 | D:8      | Noticed a green ugly thing
 12643 | D:8      | Noticed a brown ugly thing
 12693 | D:8      | HP: 3/64 [orc wizard/magic dart (5)]
 13090 | D:8      | Noticed a deep elf zephyrmancer
 13104 | D:8      | Killed a deep elf zephyrmancer
 13105 | D:8      | Reached skill level 12 in Transmutations
 13105 | D:8      | Reached XP level 10. HP: 67/71 MP: 9/13
 13465 | D:8      | Found a radiant altar of Vehumet.
 14018 | D:9      | Noticed Prince Ribbit
 14024 | D:9      | Killed Prince Ribbit
 14241 | D:9      | Slain by a troll

Illustrated notes

Levels and vault maps discovered:
D:1:      sevenhm_arrival_forest_fort_large_4, layout_basic,
          dilly_ecumenical_altar_fadedgnrine
D:2:      layout_loops_corners, basic_altar
D:3:      kennysheep_goblin_castle, layout_basic,
          mainiacjoe_overflow_tiny_flanked, okawaru_metal_pillars_3,
          portal_sewer_entry_b
D:4:      layout_loops_ring, nemelex_diamond_rough_becter, due_unseen_surprise,
          uniq_grinder
D:5:      kennysheep_slugbush, layout_basic, fedhas_altar_1,
          ebering_ghost_rock_garden, grunt_ministairs_11
D:6:      layout_basic
D:7:      layout_basic, lemuel_doored_altar, mainiacjoe_overflow_cross_hatched,
          lemuel_tele_altar, minmay_temple_entry_glassed_door, serial_rivers,
          chequers_serial_rivers_marsh, chequers_serial_rivers_large_a,
          chequers_serial_rivers_room_a, chequers_serial_rivers_micro_d,
          chequers_serial_rivers_micro_d, minmay_checkerbox
D:8:      layout_loops_ring, vehumet_altar_wand_db,
          ploomutoo_gammafunk_ghost_potion_laboratory,
          guppyfry_early_elven_hall, uniq_joseph
D:9:      layout_gridville, nicolae_sif_muna_little_library,
          kennysheep_cross_bottleneck, uniq_prince_ribbit1
Temple:   nicolae_temple_bog_church

Skill      XL: |  1  2  3  4  5  6  7  8  9 |
---------------+----------------------------+-----
Transmutations | 3 5 6 8 9 12 | 12.5
Unarmed Combat | 4 6 8 |  8.4
Invocations    | 2 4 |  4.1
Fighting       | |  1.1
Dodging        | |  1.7
Spellcasting   | |  2.0

Action                   |  1- 3 |  4- 6 |  7- 9 | 10-12 || total
-------------------------+-------+-------+-------+-------++-------
Melee: Unarmed           |   110 |   115 |   311 |    42 ||   578
       Kick              |    24 |    36 |    78 |     8 ||   146
       Headbutt          |    13 |    13 |    44 |     2 ||    72
       Tailslap          |     9 |    18 |    35 |     1 ||    63
       Punch             |     1 |     1 |     4 |       ||     6
 Cast: Beastly Appendage |    31 |    24 |    39 |     2 ||    96
       Spider Form       |       |     1 |     9 |     2 ||    12
       Wereblood         |       |     2 |     4 |       ||     6
       Ice Form          |       |       |     3 |     4 ||     7
Invok: Divine Shield     |       |     1 |     1 |       ||     2
 Abil: Breathe Acid      |       |       |    26 |     4 ||    30
Evoke: Wand              |       |       |     1 |       ||     1
  Use: Scroll            |       |     2 |     5 |     4 ||    11
       Potion            |       |       |       |     1 ||     1
Armor: Skin              |    30 |    25 |    40 |    10 ||   105
Dodge: Dodged            |    76 |   121 |   220 |    37 ||   454
Block: Other             |       |     2 |       |       ||     2
